 Dungeon Crawl Stone Soup version 0.19-a0-742-g4563caa (console) character file.

120 lauthentik the Sneak (level 4, -5/33 HPs)
             Began as a Vampire Assassin on June 23, 2016.
             Slain by a gnoll
             ... wielding a +0 halberd
              (8 damage)
             ... on level 3 of the Dungeon.
             The game lasted 00:06:21 (2217 turns).

lauthentik the Sneak (Vampire Assassin)             Turns: 2217, Time: 00:06:21

Health: -5/33      AC:  3    Str: 10    XL:     4   Next: 75%
Magic:  4/4        EV: 13    Int: 13    God:
Gold:   77         SH:  0    Dex: 16    Spells: 0 memorised, 3 levels left

rFire  . . .     SeeInvis +     b - +0 blowgun
rCold  + + .     Gourm    .     c - +0 robe
rNeg   + + +     Faith    .     (no shield)
rPois  +         Spirit   .     (no helmet)
rElec  .         Dismiss  .     d - +0 cloak
rCorr  .         Reflect  .     (no gloves)
SustAt .         Harm     .     (no boots)
MR     .....                    (no amulet)
Stlth  +++++.....               (no ring)
                                (no ring)

@: regenerating slowly, not resistant to hostile enchantments, quite stealthy
A: fangs 3, see invisible, unbreathing
a: Bat Form


You were on level 3 of the Dungeon.
You were near bloodless.

You visited 1 branch of the dungeon, and saw 3 of its levels.

You collected 77 gold pieces.

Inventory:

Hand Weapons
 a - a +2 dagger
 b - a +0 blowgun (weapon)
Missiles
 e - 8 poisoned needles (quivered)
 f - 2 curare-tipped needles
Armour
 c - a +0 robe (worn)
 d - a +0 cloak (worn)
Scrolls
 h - a scroll of noise {unknown}
 i - a scroll of amnesia {unknown}
 l - a scroll of fear {unknown}
 m - a scroll of recharging {unknown}
 n - a scroll of enchant weapon {unknown}
 o - a scroll of fog {unknown}
 r - a scroll of teleportation {unknown}
Potions
 g - 4 potions of blood
 j - a potion of agility {unknown}
 k - 2 potions of curing {unknown}
 p - a potion of degeneration {unknown}
 q - 2 potions of haste {unknown}
 s - a potion of mutation {unknown}


   Skills:
 + Level 2.1 Fighting
 + Level 3.1 Short Blades
 + Level 1.7 Throwing
 + Level 2.0 Dodging
 + Level 7.9 Stealth


You had 3 spell levels left.
You didn't know any spells.

Dungeon Overview and Level Annotations

Branches:
Dungeon (3/15)

Altars:


Innate Abilities, Weirdness & Mutations

You heal slowly.
You have razor-sharp teeth.
You have supernaturally acute eyesight. (SInv)
You can survive without breathing.


Message History

You hit the gnoll.
The gnoll is lightly wounded.
The gnoll barely misses you.
You hit the gnoll. Your bite misses the gnoll.
The gnoll is moderately wounded.
The gnoll hits you but does no damage.
You hit the gnoll but do no damage.
The gnoll is moderately wounded.
The gnoll hits you.
* * * LOW HITPOINT WARNING * * *
You see here a dagger.
There is a stone staircase leading down here.
You climb downwards.
The gnoll hits you with a halberd.
* * * LOW HITPOINT WARNING * * *
The gnoll barely misses you.
There is a stone staircase leading up here.
Wield which item (- for none, * to show all)? (? for menu, Esc to quit)
b - a +0 blowgun (weapon)
The gnoll hits you from afar with a halberd!
You die...

#####.......
............ ###
#....... ..(
#########......
####..
#........#....? .....
#........###### #...
###........# # #K..
##..........#
#...##@.#........#
####.#.g.)##........#
#.......####...)†...#
.>.####.# #........#
. #.#######.#####
#...........# ###
########.##..# ###..
#.# #. #...#
#.###.###.###


You could see a gnoll.

Vanquished Creatures
  3 gnolls
  4 adders
  An ooze (D:3)
  A worm (D:2)
  3 giant geckos
  2 ball pythons
  5 giant cockroaches
  3 goblins
  3 hobgoblins
  A kobold (D:1)
  2 quokkas (D:2)
  9 bats
  4 giant newts
  8 rats
49 creatures vanquished.

Notes
Turn   | Place    | Note
--------------------------------------------------------------
     0 | D:1      | lauthentik the Vampire Assassin began the quest for the Orb.
     0 | D:1      | Reached XP level 1. HP: 16/16 MP: 1/1
    56 | D:1      | Reached skill level 6 in Stealth
   224 | D:1      | Reached XP level 2. HP: 22/22 MP: 2/2
   681 | D:2      | Reached XP level 3. HP: 26/27 MP: 3/3
   755 | D:2      | Reached skill level 7 in Stealth
  1420 | D:3      | Reached XP level 4. HP: 32/33 MP: 4/4
  2217 | D:3      | Slain by a gnoll

Vault maps used:
D:1:      grunt_arrival_crossed_arrows, hangedman_decor_points
D:3:      minmay_wonky_spiral, first_bread

Skill      XL: |  1  2  3  4 |
---------------+-------------+-----
Stealth        | 6 7 |  7.9
Fighting       | 2 |  2.1
Short Blades   | 3 |  3.1
Dodging        | 2 |  2.0
Throwing       | |  1.7

Action                   |  1- 3 |  4- 6 || total
-------------------------+-------+-------++-------
Melee: Dagger            |    74 |    52 ||   126
       Bite              |     1 |     5 ||     6
 Fire: Blowgun           |     1 |       ||     1
 Stab: Sleeping          |    15 |     8 ||    23
Armor: Robe              |    11 |     9 ||    20
Dodge: Dodged            |    33 |    36 ||    69
